 Dungeon Sprint DCSS version 0.18-a0-1323-g706dcef (webtiles) character file.

372 Kidiri the Covert (level 6, -9/32 HPs)
             Began as a Spriggan Enchanter on Feb 15, 2016.
             Mangled by an ice devil (23 damage)
             ... summoned by an obsidian statue
             ... in the Dungeon (Sprint II: "The Violet Keep of Menkaure").
             The game lasted 00:02:03 (383 turns).

Kidiri the Covert (Spriggan Enchanter)               Turns: 383, Time: 00:02:04

Health: -9/32      AC:  3    Str:  4    XL:     6   Next: 43%
Magic:  5/17       EV: 25    Int: 17    God:
Gold:   243        SH:  0    Dex: 18    Spells: 5 memorised, 7 levels left

rFire  . . .     SeeInvis +     a - +1 dagger
rCold  . . .     Gourm    .     b - +1 robe
rNeg   . . .     Faith    .     (shield restricted)
rPois  .         Spirit   .     (helmet restricted)
rElec  .         Dismiss  .     (no cloak)
rCorr  .         Reflect  .     (gloves unavailable)
SustAt .         Harm     .     (boots unavailable)
MR     +....     NoTele   +     (no amulet)
Stlth  +++++.....               (no ring)
                                (no ring)

@: very quick, somewhat resistant to hostile enchantments, quite stealthy
A: unfitting armour, see invisible, herbivore 3, speed 3, slow metabolism 2
a: no special abilities


You were in the Dungeon.
You were not hungry.

You visited 1 branch You collected 243 gold pieces.

Inventory:

Hand Weapons
 a - a +1 dagger (weapon)
Armour
 b - a +1 robe (worn)
Scrolls
 j - a scroll of blinking
Potions
 e - a potion of curing
 f - a potion of heal wounds
 g - a potion of haste
 h - 2 potions of magic
Books
 c - a book of Maledictions

   Spells                             Type                      Level
   a - Corona                         Hexes                        1
   b - Ensorcelled Hibernation        Hexes/Ice                    2
   c - Confuse                        Hexes                        3
   d - Tukima's Dance                 Hexes                        3
   e - Dazzling Spray                 Conjuration/Hexes            3
Comestibles
 d - a bread ration


   Skills:
 + Level 3.2 Fighting
 * Level 6.2 Short Blades
 + Level 2.7 Armour
 * Level 8.8 Dodging
 * Level 10.1 Stealth
 * Level 7.4 Spellcasting
 + Level 1.0 Conjurations
 + Level 6.1 Hexes
 + Level 1.1 Ice Magic


You had 7 spell levels left.
You knew the following spells:

 Your Spells              Type           Power        Failure   Level  Hunger
a - Corona                Hex            ####...      1%          1    None
b - Ensorcelled Hibernat  Hex/Ice        ###...       3%          2    None
c - Confuse               Hex            ####....     2%          3    ##.....
d - Tukima's Dance        Hex            ####....     2%          3    ##.....
e - Dazzling Spray        Conj/Hex       ###.....     10%         3    ##.....


Dungeon Overview and Level Annotations

Branches:
Dungeon (1/1)

Altars:

Annotations:
D exclusion: obsidian statue, Menkaure


Innate Abilities, Weirdness & Mutations

You are tiny and cannot use many weapons and most armour.
You have supernaturally acute eyesight.
You are an herbivore.
You cover ground extremely quickly.
You need consume almost no food.


Message History

You impale the neqoxec!!
You kill the neqoxec!
Your Fighting skill increases to level 3!
Your Short Blades skill increases to level 6!
Your Stealth skill increases to level 10!
Your Spellcasting skill increases to level 7!
Your Conjurations skill increases to level 1!
Your Hexes skill increases to level 6!
Your Ice Magic skill increases to level 1!
You have reached level 6!
Your experience leads to an increase in your attributes!
Increase (S)trength, (I)ntelligence, or (D)exterity?
You feel clever.
Unknown command.
Unknown command.
You hit the ice devil but do no damage. The ice devil closely misses you.
You hit the ice devil but do no damage. The ice devil hits you!
The ice devil freezes you!!
Ouch! That really hurt!
You die...

##§§§§§§.##
###..§§§§§§.##
'...§§8§§...#
#§§§§§..§§#
#.§§§..§#
#≈≈#'§'#'§'##
≈≈≈....M.§§.#
≈≈≈M.##4##§.#
≈≈≈ ##..@##.#
≈ #..##.# .. #
####.## .. ##.
#'## ..
#.m.##.## .
#.+.<.+
#...##.## ##.
#+# # .#.


You could see an obsidian statue, an ice devil and Menkaure.

Vanquished Creatures
  3 neqoxecs (D)
3 creatures vanquished.

Vanquished Creatures (others)
  A neqoxec (D)
  A crocodile (D)
2 creatures vanquished.

Grand Total: 5 creatures vanquished

Notes
Turn   | Place    | Note
--------------------------------------------------------------
     0 | D        | Kidiri the Spriggan Enchanter began the quest for the Orb.
     0 | D        | Reached XP level 1. HP: 9/9 MP: 5/5
     1 | D        | Noticed a boulder beetle
     1 | D        | Noticed a boulder beetle
     4 | D        | Noticed a siren
     7 | D        | Noticed a neqoxec
    18 | D        | Killed a neqoxec
    18 | D        | Reached skill level 1 in Armour
    18 | D        | Reached skill level 6 in Dodging
    18 | D        | Reached skill level 7 in Stealth
    18 | D        | Reached skill level 5 in Spellcasting
    18 | D        | Reached skill level 5 in Hexes
    18 | D        | Reached XP level 2. HP: 15/15 MP: 6/9
    18 | D        | Reached XP level 3. HP: 18/18 MP: 6/10
    18 | D        | Reached XP level 4. HP: 23/23 MP: 7/12
    26 | D        | Learned a level 2 spell: Ensorcelled Hibernation
    27 | D        | Killed a crocodile
    29 | D        | Noticed a neqoxec
    31 | D        | Killed a neqoxec
    31 | D        | Reached skill level 5 in Short Blades
    31 | D        | Reached skill level 8 in Dodging
    31 | D        | Reached skill level 9 in Stealth
    31 | D        | Reached XP level 5. HP: 7/28 MP: 8/15
    33 | D        | Killed a neqoxec
    37 | D        | Learned a level 3 spell: Confuse
    41 | D        | Learned a level 3 spell: Tukima's Dance
    45 | D        | Learned a level 3 spell: Dazzling Spray
   328 | D        | Noticed an obsidian statue
   330 | D        | Noticed a neqoxec
   358 | D        | Noticed an ice devil
   358 | D        | Noticed a ynoxinul
   359 | D        | Noticed Menkaure
   380 | D        | Killed a neqoxec
   380 | D        | Reached skill level 10 in Stealth
   380 | D        | Reached skill level 1 in Conjurations
   380 | D        | Reached skill level 1 in Ice Magic
   380 | D        | Reached XP level 6. HP: 27/32 MP: 5/17
   383 | D        | Mangled by an ice devil

Vault maps used:
D:        the_violet_keep_of_menkaure

Action                   |  1- 3 |  4- 6 || total
-------------------------+-------+-------++-------
Melee: Dagger            |     9 |    12 ||    21
 Cast: Ensorcelled Hiber |       |     2 ||     2
       Confuse           |       |     2 ||     2
       Dazzling Spray    |       |     2 ||     2
  Use: Potion            |     1 |       ||     1
 Stab: Sleeping          |       |     1 ||     1
       Confused          |       |     2 ||     2
       Invisible         |       |     1 ||     1
